 Dungeon Crawl Stone Soup version 0.30.1-9-gdf580d7c3d (webtiles) character file.

Game seed: 4718404699935059597

1024 leafyfresh the Covert (level 8, -8/67 HPs)
             Began as a Gnoll Delver on Oct 17, 2023.
             Mangled by a vampire
             ... wielding a +0 vampiric dagger
              (12 damage)
             ... on level 6 of the Dungeon.
             The game lasted 00:07:43 (5776 turns).

leafyfresh the Covert (Gnoll Delver)                Turns: 5776, Time: 00:07:43

Health: -8/67      AC:  4    Str: 17    XL:     8   Next: 22%
Magic:  12/12      EV: 14    Int: 11    God:
Gold:   211        SH:  0    Dex: 15    Spells: 12/13 levels left

rFire   . . .        F - +2 short sword (flame)
rCold   . . .        (no shield)
rNeg    . . .        x - +1 robe {Archmagi}
rPois   .            (no helmet)
rElec   .            (no cloak)
rCorr   .            w - +0 pair of gloves
SInv    .            (no boots)
Will    .....        (no amulet)
Stlth   ++++         n - +6 ring of strength
HPRegen 0.31/turn    (no ring)
MPRegen 0.13/turn

%: archmagi
@: no status effects
A: fangs 1, strong nose, distributed training
a: no special abilities


You were on level 6 of the Dungeon.
You visited 1 branch of the dungeon, and saw 6 of its levels.

You collected 211 gold pieces.

Inventory:

Hand Weapons
 a - a +0 short sword
 e - a +1 dagger of flaming
 E - a +0 short sword of venom
 F - a +2 short sword of flaming (weapon)
Armour
 b - a +0 leather armour
 i - a +0 scale mail
 w - a +0 pair of gloves (worn)
 x - a +1 robe of the Archmagi (worn)
 G - a +3 ring mail
 I - the +3 leather armour of the Apprentice {rPois}
   (You found it on level 6 of the Dungeon)

   rPois:     It protects you from poison.
Jewellery
 n - a +6 ring of strength (left hand)
Wands
 g - a wand of digging (3)
 o - a wand of light (13)
 p - a wand of iceblast (4)
Scrolls
 c - 2 scrolls of fog
 d - 3 scrolls of magic mapping
 k - 6 scrolls of identify {unknown}
 l - 3 scrolls of amnesia {unknown}
 q - a scroll of enchant weapon {unknown}
 t - 3 scrolls of enchant armour {unknown}
 v - 2 scrolls of torment {unknown}
 y - 2 scrolls of teleportation {unknown}
Potions
 h - a potion of curing
 j - a potion of brilliance {unknown}
 m - 4 potions of flight {unknown}
 r - a potion of cancellation {unknown}
 s - 2 potions of invisibility {unknown}
 u - 2 potions of mutation {unknown}
 z - a potion of heal wounds {unknown}
 A - a potion of magic {unknown}
 B - a potion of berserk rage {unknown}
 C - a potion of might {unknown}
 D - 2 potions of ambrosia {unknown}
 H - a potion of degeneration {unknown}


   Skills:
 + Level 7.3 Fighting
 + Level 5.6 Short Blades
 + Level 3.2 Long Blades
 + Level 3.2 Axes
 + Level 3.2 Maces & Flails
 + Level 3.2 Polearms
 + Level 3.2 Staves
 + Level 3.2 Ranged Weapons
 + Level 3.2 Throwing
 + Level 3.2 Armour
 + Level 5.6 Dodging
 + Level 10.1 Stealth
 + Level 3.2 Shields
 + Level 3.2 Unarmed Combat
 + Level 3.2 Spellcasting
 + Level 2.6 Conjurations
 + Level 2.6 Hexes
 + Level 2.6 Summonings
 + Level 2.6 Necromancy
 + Level 2.6 Translocations
 + Level 2.6 Transmutations
 + Level 2.6 Fire Magic
 + Level 2.6 Ice Magic
 + Level 2.6 Air Magic
 + Level 2.6 Earth Magic
 + Level 2.6 Poison Magic
 + Level 3.5 Invocations
 + Level 3.2 Evocations


You had 12 spell levels left.
You knew the following spells:

 Your Spells              Type           Power      Damage    Failure   Level
a - Sting                 Tmut/Pois      44%        1d5       9%          1

Your spell library contained the following spells:

 Spells                   Type           Power      Damage    Failure   Level
 Freeze                   Ice            44%        1d6       9%          1
 Kiss of Death            Conj/Necr      44%        2d8       9%          1
 Poisonous Vapours        Pois/Air       22%        N/A       13%         2
 Confusing Touch          Hex            11%        N/A       26%         3
 Dispel Undead            Necr           11%        3d9       65%         4
 Olgreb's Toxic Radiance  Pois           11%        N/A       65%         4


Dungeon Overview and Level Annotations

Branches:
Dungeon (6/15)
 Temple: D:4-7

Altars:
Zin
The Shining One

Shops:
D:4 *


Innate Abilities, Weirdness & Mutations

You have very sharp teeth.
Your uncanny sense of smell can sniff out nearby items.
Your experience applies equally to all skills.


Message History

Casting: Sting (safe; 9% risk of failure)
Confirm with . or Enter, or press ? or * to list all spells.
Aiming: Sting (safe; 9% risk of failure)
Press: ? - help, Shift-Dir - straight line, f - vampire
Aim: a vampire, wielding a +0 vampiric dagger and quivering stones (71% to hit)
Okay, then.
You barely miss the vampire.
The vampire gestures wildly while chanting.
The vampire flickers and vanishes!
Deactivating autopickup; reactivate with Ctrl-A.
You hit something but do no damage.
An orc comes into view. It is wielding a +0 club.
You hear some strange, mumbled words.
Something tries to affect you, but you resist.
The orc shouts!
You hit something. You burn something. You closely miss something.
Your punch misses something. Something hits you!
Something bites you but does no damage.
You hit something but do no damage.
Wisps of shadow swirl around something.
You barely miss something. Something hits you! Something bites you!
Something draws strength from your injuries!
You hit something but do no damage.
The howler monkey hoots and howls with incredible vigour!
The sky beast misses you.
You hear an angry hiss.
You closely miss something. Something hits you.
* * * LOW HITPOINT WARNING * * *
Something barely misses you. The sky beast misses you.
You hit something but do no damage. You punch something. Something hits you.
* * * LOW HITPOINT WARNING * * *
Something bites you.
* * * LOW HITPOINT WARNING * * *
Something draws strength from your injuries!
You hit something but do no damage. You bite something. The sky beast hits you.
* * * LOW HITPOINT WARNING * * *
The sky beast shocks you.
* * * LOW HITPOINT WARNING * * *
The howler monkey hoots and howls with incredible vigour!
You miss something. Something hits you!
You die...

#.# ....#### #.#
......# #.#
...##.# ##.##
..##.#####...#####
Sh##.#.....#......
#o##.#.###...#####
# #{##.#.# ##.##
#.#@##.#.## ###
##.#Y##....#
#....####.##
#.###.## #.#
##.###.## ∆
#......# #.###..#
#.## #.## ∆∆ ..#
#.#


You could see a sky beast (summoned), a howler monkey (summoned, catching
breath), an adder (summoned) and an orc.

Vanquished Creatures
  Sigmund (D:5)
  A water moccasin (D:5)
  A sky beast (D:6)
  2 ogres
  A scorpion (D:5)
  An orc priest (D:3)
  A gnoll bouda (D:5)
  Ijyb (D:5)
  4 iguanas
  2 orc wizards (D:5)
  7 gnolls
  4 adders
  2 worms
  5 dart slugs
  9 orcs
  12 ball pythons
  6 bats
  9 endoplasms
  5 giant cockroaches
  9 goblins
  8 hobgoblins
  6 quokkas
  A frilled lizard (D:1)
  7 kobolds
  4 rats
109 creatures vanquished.

Notes
Turn   | Place    | Note
-------+----------+-------------------------------------------
     0 | D:5      | Reached skill level 9 in Stealth
     0 | D:5      | leafyfresh the Gnoll Delver began the quest for the Orb.
     0 | D:5      | Reached XP level 1. HP: 23/23 MP: 1/1
    39 | D:5      | Noticed Sigmund
    60 | D:5      | Noticed an ogre
    64 | D:5      | Killed Sigmund
    65 | D:5      | Reached skill level 1 in Long Blades
    65 | D:5      | Reached skill level 1 in Axes
    65 | D:5      | Reached skill level 1 in Maces & Flails
    65 | D:5      | Reached skill level 1 in Polearms
    65 | D:5      | Reached skill level 1 in Staves
    65 | D:5      | Reached skill level 1 in Ranged Weapons
    65 | D:5      | Reached skill level 1 in Throwing
    65 | D:5      | Reached skill level 1 in Armour
    65 | D:5      | Reached skill level 1 in Shields
    65 | D:5      | Reached skill level 1 in Unarmed Combat
    65 | D:5      | Reached skill level 1 in Spellcasting
    65 | D:5      | Reached skill level 1 in Conjurations
    65 | D:5      | Reached skill level 1 in Hexes
    65 | D:5      | Reached skill level 1 in Summonings
    65 | D:5      | Reached skill level 1 in Necromancy
    65 | D:5      | Reached skill level 1 in Translocations
    65 | D:5      | Reached skill level 1 in Transmutations
    65 | D:5      | Reached skill level 1 in Fire Magic
    65 | D:5      | Reached skill level 1 in Ice Magic
    65 | D:5      | Reached skill level 1 in Air Magic
    65 | D:5      | Reached skill level 1 in Earth Magic
    65 | D:5      | Reached skill level 1 in Poison Magic
    65 | D:5      | Reached skill level 1 in Invocations
    65 | D:5      | Reached skill level 1 in Evocations
    65 | D:5      | Reached XP level 2. HP: 10/29 MP: 1/4
    65 | D:5      | Reached XP level 3. HP: 12/35 MP: 1/5
    65 | D:5      | Reached XP level 4. HP: 14/41 MP: 1/6
    65 | D:5      | Reached XP level 5. HP: 16/47 MP: 1/7
    72 | D:5      | Noticed Ijyb
    79 | D:5      | Killed Ijyb
   602 | D:5      | Reached XP level 6. HP: 41/53 MP: 8/8
   621 | D:5      | Reached skill level 5 in Short Blades
   621 | D:5      | Reached skill level 5 in Dodging
  1272 | D:5      | Reached XP level 7. HP: 60/60 MP: 10/10
  1278 | D:5      | Found a glowing golden altar of the Shining One.
  1765 | D:4      | Reached skill level 10 in Stealth
  1886 | D:4      | Found Laisod's Mayhem Merchandise.
  2929 | D:3      | Found a faded altar of an unknown god.
  2935 | D:3      | Got Plato's Octavo of Frostbite
  2952 | D:3      | Learned a level 1 spell: Sting
  3843 | D:2      | Found a glowing silver altar of Zin.
  4909 | D:3      | Reached XP level 8. HP: 25/67 MP: 9/12
  5219 | D:6      | Identified the +3 leather armour of the Apprentice {rPois}
  5762 | D:6      | Noticed a vampire
  5775 | D:6      | HP: 3/67 [sky beast[a vampire] (5)]
  5776 | D:6      | Mangled by a vampire

Illustrated notes

Levels and vault maps discovered:
D:1:      sevenhm_arrival_forest_fort_small_4, layout_basic
D:2:      layout_basic, basic_altar, chequers_serial_rivers_small_3
D:3:      kennysheep_big_flooded_room, layout_rooms,
          shapermc_ecumenical_altar_rom_forum
D:4:      minmay_general_purpose_star, layout_basic, minmay_shop_mayhem
D:5:      layout_loops_ring, mainiacjoe_overflow_24_doors, uniq_sigmund,
          uniq_ijyb
D:6:      layout_loops_ring, temple_hall, gup_sewer_entry_pipe

Skill      XL: |  1  2  3  4  5  6  7 |
---------------+----------------------+-----
Stealth        | 10 | 10.1
Long Blades    | 1 2 3 |  3.2
Axes           | 1 2 3 |  3.2
Maces & Flails | 1 2 3 |  3.2
Polearms       | 1 2 3 |  3.2
Staves         | 1 2 3 |  3.2
Ranged Weapons | 1 2 3 |  3.2
Throwing       | 1 2 3 |  3.2
Armour         | 1 2 3 |  3.2
Shields        | 1 2 3 |  3.2
Unarmed Combat | 1 2 3 |  3.2
Spellcasting   | 1 2 3 |  3.2
Conjurations   | 1 2 |  2.6
Hexes          | 1 2 |  2.6
Summonings     | 1 2 |  2.6
Necromancy     | 1 2 |  2.6
Translocations | 1 2 |  2.6
Transmutations | 1 2 |  2.6
Fire Magic     | 1 2 |  2.6
Ice Magic      | 1 2 |  2.6
Air Magic      | 1 2 |  2.6
Earth Magic    | 1 2 |  2.6
Poison Magic   | 1 2 |  2.6
Invocations    | 1 2 3 |  3.5
Evocations     | 1 2 3 |  3.2
Short Blades   | 5 |  5.6
Dodging        | 5 |  5.6
Fighting       | 7 |  7.3

Action                     |  1- 3 |  4- 6 |  7- 9 || total
---------------------------+-------+-------+-------++-------
  Melee: Short sword       |    20 |    73 |    53 ||   146
         Bite              |     1 |    20 |    22 ||    43
         Dagger            |       |    56 |   211 ||   267
         Punch             |       |     2 |     3 ||     5
   Cast: Sting             |       |       |    34 ||    34
    Use: Scroll            |       |     1 |       ||     1
         Potion            |       |       |     5 ||     5
   Stab: Sleeping          |       |     3 |    35 ||    38
 Armour: Scale mail        |       |    21 |    21 ||    42
         Robe              |       |       |    31 ||    31
  Dodge: Dodged            |     6 |    45 |   148 ||   199
